 Dungeon Crawl Stone Soup version 0.27-a0-1196-g3e9cee4cb2 (webtiles) character file.

Game seed: 16936212911718863906

105 Delamore the Skirmisher (level 4, -2/29 HPs)
             Began as a Gargoyle Fighter on May 29, 2021.
             Slain by Natasha (3 damage)
             ... on level 2 of the Dungeon.
             The game lasted 00:02:17 (2630 turns).

Delamore the Skirmisher (Gargoyle Fighter)          Turns: 2630, Time: 00:02:17

Health: -2/29      AC: 10    Str: 20    XL:     4   Next: 81%
Magic:  4/4        EV:  7    Int:  9    God:
Gold:   75         SH:  9    Dex:  9    Spells: 3/3 levels left

rFire    + . .     SeeInvis .   h - +0 whip (holy)
rCold    + . .     Faith    .   c - +0 kite shield
rNeg     + . .     Spirit   .   b - +0 scale mail
rPois    ∞         Reflect  .   (no helmet)
rElec    +         Harm     .   (no cloak)
rCorr    +         Rampage  .   (no gloves)
Will     .....                  (no boots)
Stlth    ..........             (no amulet)
HPRegen  0.09/turn              (no ring)
MPRegen  0.09/turn              (no ring)

@: resistant, flying, hasted, very quick
A: sickness immunity, AC +3, negative energy resistance 1, electricity
resistance, torment resistance 1, petrification resistance
a: no special abilities


You were on level 2 of the Dungeon.
You visited 1 branch of the dungeon, and saw 3 of its levels.

You collected 75 gold pieces.

Inventory:

Hand Weapons
 a - a +0 flail
 h - a +0 whip of holy wrath (weapon)
Armour
 b - a +0 scale mail (worn)
 c - a +0 kite shield (worn)
 q - a scarf of harm
Jewellery
 m - a ring of poison resistance
Wands
 r - a wand of charming (3)
Scrolls
 e - 3 scrolls of identify {unknown}
 j - a scroll of amnesia {unknown}
 n - a scroll of fear {unknown}
 o - a scroll of teleportation {unknown}
Potions
 d - a potion of might
 g - a potion of magic
 p - a potion of invisibility {unknown}


   Skills:
 + Level 4.3 Fighting
 * Level 4.1 Maces & Flails
 - Level 3.2 Armour
 - Level 3.2 Shields


You had 3 spell levels left.
You didn't know any spells.
Your spell library was empty.

Dungeon Overview and Level Annotations

Branches:
Dungeon (3/15)

Altars:

Annotations:
D:2 Natasha


Innate Abilities, Weirdness & Mutations

You are immune to sickness and miasma.
Your stone body is resilient. (AC +3)
You are immune to poison.
You resist negative energy. (rN+)
You are resistant to electric shocks. (rElec)
You are resistant to unholy torment.
You are immune to petrification.


Message History

The orc is lightly wounded.
The orc barely misses you.
Your shield prevents you from hitting the orc.
The orc is lightly wounded.
The orc hits you but does no damage.
Your shield and scale mail prevent you from hitting the orc.
The orc is lightly wounded.
The orc hits you but does no damage.
You barely miss the orc.
The orc is lightly wounded.
You block the orc's attack.
You barely miss the orc.
The orc is lightly wounded.
The orc closely misses you.
The crimson imp blinks!
You barely miss the orc.
The orc is lightly wounded.
The orc closely misses you. x2
You hit the orc.
You kill the orc!
You hit Natasha.
Natasha is heavily wounded.
Natasha claws you!
* * * LOW HITPOINT WARNING * * *
You hit Natasha.
Natasha is severely wounded.
Natasha mumbles some strange words.
You hit Natasha but do no damage.
Natasha is severely wounded.
Natasha casts a spell at you. You resist with some effort.
It was a potion of resistance.
You feel protected. You block Natasha's attack.
It was a potion of haste.
You feel yourself speed up.
The white imp disappears in a puff of smoke!
You block Natasha's attack.
It was a potion of flight.
You feel very buoyant.
You fly up into the air.
Natasha claws you.
You die...

#.# #.# #.##.# #.# #.#
##.##.# #.# #.#
#>.##.######### #.# #.#
#.###.......... #.# #.#
#.# ########### #.# #.#
#.# ###########
###.########.# #.#
#......†...
#............#####.#
#.#########
#.#............@h55# #.#
#
#.###.#.##########.###.#
# #.###.#.# #........###
# #.##....#
#.##.##<...#####
##.##..###
#.##.##........#
#...#..#
#####.##.......###.#
#...#..#
#..............###.###
#...#..#
#.###.................
###.#.## #.#
#.......#..###.###


You could see Natasha (strong), a crimson imp (summoned) and a shadow imp
(summoned).

Vanquished Creatures
  2 adders (D:2)
  A gnoll (D:2)
  A worm (D:2)
  2 dart slugs
  6 orcs
  8 endoplasms
  2 giant cockroaches (D:2)
  5 hobgoblins
  3 jackals (D:2)
  4 quokkas
  7 ball pythons
  4 bats
  3 frilled lizards (D:1)
  4 kobolds
  9 rats
61 creatures vanquished.

Notes
Turn   | Place    | Note
-------+----------+-------------------------------------------
     0 | D:1      | Delamore the Gargoyle Fighter began the quest for the Orb.
     0 | D:1      | Reached XP level 1. HP: 14/14 MP: 1/1
   109 | D:1      | Reached XP level 2. HP: 18/19 MP: 2/2
   372 | D:1      | Found a faded altar of an unknown god.
   976 | D:2      | Reached XP level 3. HP: 22/24 MP: 3/3
  1769 | D:2      | Reached XP level 4. HP: 26/29 MP: 4/4
  2398 | D:2      | HP: 1/29 [gnoll/+0 club (7)]
  2599 | D:3      | Noticed Natasha
  2625 | D:2      | HP: 1/29 [Natasha (13)]
  2630 | D:2      | Slain by Natasha

Illustrated notes

Levels and vault maps discovered:
D:1:      minmay_arrival_radiant_lines, layout_basic,
          ebering_ecumenical_altar_rust, minmay_misc_feat_tower
D:2:      kennysheep_big_flooded_room, layout_loops_ring
D:3:      layout_rooms, demons_altar, st_stairs_5, minmay_bisected,
          uniq_terence, uniq_natasha, uniq_grinder

Skill      XL: |  1  2  3  4 |
---------------+-------------+-----
Maces & Flails | 3 4 |  4.1
Fighting       | 4 |  4.3
Armour         | |  3.2
Shields        | |  3.2

Action                   |  1- 3 |  4- 6 || total
-------------------------+-------+-------++-------
Melee: Flail             |    13 |       ||    13
       Whip              |   112 |   119 ||   231
  Use: Potion            |       |     6 ||     6
Armor: Scale mail        |    52 |    79 ||   131
Dodge: Dodged            |    39 |    48 ||    87
Block: Kite shield       |    62 |    78 ||   140

Table legend: (Time is in decaauts)
 A = Elapsed time spent in this place.
 B = Non-inter-level travel time spent in this place.
 C = Inter-level travel time spent in this place.
 D = Time resting spent in this place.
 E = Time spent auto-exploring this place.
 F = Levels seen in this place.
 G = Mean time per level.
                   A        B        C        D        E       F      G
               +--------+--------+--------+--------+--------+-----+--------+
         Total |   2673 |   2564 |    109 |    419 |   1667 |   3 |  891.0 |
       Dungeon |   2673 |   2564 |    109 |    419 |   1667 |   3 |  891.0 |
               +--------+--------+--------+--------+--------+-----+--------+

Top non-repeatable levels by time:
     D:2: 1759 daAuts
     D:1: 828 daAuts
     D:3: 85 daAuts
